 Dungeon Crawl Stone Soup version 0.31-a0-240-gb923e448b6 (webtiles) character file.

Game seed: 5907561843357289035

77 qw the Shooter (level 4, -2/36 HPs)
             Began as a Minotaur Hexslinger on July 12, 2023.
             Slain by a gnoll
             ... wielding a +0 spear
              (6 damage)
             ... on level 4 of the Dungeon.
             The game lasted 00:00:44 (1663 turns).

qw the Shooter (Minotaur Hexslinger)                Turns: 1663, Time: 00:00:44

Health: -2/36      AC:  5    Str: 13    XL:     4   Next: 14%
Magic:  4/4        EV: 11    Int: 10    God:
Gold:   146        SH:  0    Dex: 14    Spells: 4/5 levels left

rFire   . . .        Y - +3 sling
rCold   . . .        (no shield)
rNeg    . . .        h - +0 ring mail
rPois   .            (helmet restricted)
rElec   .            (no cloak)
rCorr   .            (no gloves)
SInv    .            (no boots)
Will    .....        d - amulet of faith
Stlth   +            (no ring)
HPRegen 0.26/turn    (no ring)
MPRegen 0.09/turn

%: faith
@: about to teleport
A: horns 2, retaliatory headbutt
a: no special abilities


You were on level 4 of the Dungeon.
You visited 1 branch of the dungeon, and saw 4 of its levels.

You collected 146 gold pieces.


Innate Abilities, Weirdness & Mutations

You have a pair of horns on your head.
You reflexively headbutt those who attack you in melee.


   Skills:
 - Level 2.0 Fighting
 - Level 4.5 Ranged Weapons
 + Level 0.9 Armour
 - Level 2.1 Dodging
 - Level 1.0 Spellcasting
 - Level 2.0 Hexes


You had 4 spell levels left.
You knew the following spells:

 Your Spells              Type           Power      Damage    Failure   Level
a - Slow                  Hex            16%        N/A       32%         1

Your spell library contained the following spells:

 Spells                   Type           Power      Damage    Failure   Level
 Inner Flame              Hex/Fire       2%         N/A       82%         3
 Portal Projectile        Hex/Tloc       4%         N/A       82%         3
 Cause Fear               Hex            2%         N/A       97%         4

Inventory:

Hand Weapons
 Y - a +3 sling (weapon)
Armour
 h - a +0 ring mail (worn)
Jewellery
 d - an amulet of faith (around neck)
Scrolls
 a - 2 scrolls of identify
 b - a scroll of teleportation
Potions
 e - a potion of resistance

Dungeon Overview and Level Annotations

Branches:
Dungeon (4/15)
 Temple: D:4-7

Altars:


Message History

The sling bullet completely misses the ball python.
The sling bullet hits the orc.
The orc is severely wounded.
The ball python bites you but does no damage.
The ball python constricts you. The gnoll hits you but does no damage.
The giant cockroach waves its antennae.
You shoot a sling bullet. The sling bullet hits the ball python!
You kill the ball python!
The gnoll hits you from afar with a +0 spear.
You shoot a sling bullet. The sling bullet hits the orc!
You kill the orc!
The gnoll hits you but does no damage.
The giant cockroach bites you but does no damage.
The gnoll misses you.
You shoot a sling bullet.
The sling bullet hits the giant cockroach.
The giant cockroach is severely wounded.
The giant cockroach barely misses you. The gnoll misses you.
You shoot a sling bullet.
The sling bullet barely misses the giant cockroach.
The sling bullet hits the gnoll.
The gnoll is moderately wounded.
The giant cockroach barely misses you. You furiously retaliate!
You headbutt the giant cockroach.
You kill the giant cockroach!
The gnoll hits you from afar with a +0 spear.
You shoot a sling bullet.
The sling bullet hits the gnoll but does no damage.
The gnoll is moderately wounded.
The gnoll misses you. The gnoll closely misses you.
You shoot a sling bullet. The sling bullet hits the gnoll!
The gnoll is almost dead.
The gnoll hits you but does no damage. The gnoll barely misses you.
The gnoll hits you from afar with a +0 spear!
The gnoll misses you. You furiously retaliate!
You headbutt the gnoll.
1663 ||| READING 2 scrolls of teleportation.
As you read the scroll of teleportation, it crumbles to dust.
You feel strangely unstable.
The gnoll hits you from afar with a +0 spear.
You die...

#.......# #.......#
#.......# .
#...<...## ..
#####....# 8..
#....# .... #....#
.....
#....#########g.....
#.....>.....@gg.....
#....#########g#....
#....# .. . #....#
... #....# .##
###### #


You could see 4 gnolls.

Vanquished Creatures
  2 dart slugs
  7 orcs
  4 ball pythons
  8 endoplasms
  6 giant cockroaches
  8 hobgoblins
  3 quokkas
  3 bats
  5 frilled lizards
  4 goblins
  5 kobolds
  4 rats (D:1)
59 creatures vanquished.

Notes
Turn   | Place    | Note
-------+----------+-------------------------------------------
     0 | D:1      | qw the Minotaur Hexslinger began the quest for the Orb.
     0 | D:1      | Reached XP level 1. HP: 16/16 MP: 1/1
     0 | D:1      | 0 ||| qw: Version: 0.3-a-52-g30416fa
     0 | D:1      | 0 ||| qw: Game counter: 6167
     0 | D:1      | 0 ||| qw: Melee chars always use a shield: true
     0 | D:1      | 0 ||| qw: God list: Okawaru
     0 | D:1      | 0 ||| qw: Allow faded altars: false
     0 | D:1      | 0 ||| qw: Do Orc after clearing Dungeon:15 true
     0 | D:1      | 0 ||| qw: Do second Lair branch before Depths: true
     0 | D:1      | 0 ||| qw: Lair rune preference: random
     0 | D:1      | 0 ||| qw: Goals: Normal
     0 | D:1      | 0 ||| PLANNING D:1-11
   162 | D:1      | Reached skill level 3 in Ranged Weapons
   162 | D:1      | Reached XP level 2. HP: 18/23 MP: 2/2
   494 | D:1      | 494 ||| DROPPING +6 ring of intelligence.
   495 | D:1      | 495 ||| READING 2 scrolls labelled ENILAM QIAFOIXT.
   496 | D:1      | 496 ||| READING scroll labelled RIRIUL XUGG.
   497 | D:1      | 497 ||| DROPPING scroll of poison.
   544 | D:2      | 544 ||| STAIRDANCE
   606 | D:2      | Reached XP level 3. HP: 29/29 MP: 3/3
   920 | D:2      | 920 ||| READING 3 scrolls labelled PIXUOG COUTAJ.
   923 | D:2      | 923 ||| READING 2 scrolls of identify.
   923 | D:2      | 923 ||| IDENTIFYING sedimented coppery potion
   969 | D:3      | Reached skill level 4 in Ranged Weapons
  1339 | D:3      | Reached XP level 4. HP: 36/36 MP: 4/4
  1563 | D:3      | 1563 ||| UPGRADING to +0 ring mail.
  1573 | D:3      | 1573 ||| DROPPING +0 robe.
  1574 | D:3      | 1574 ||| UPGRADING to amulet of faith.
  1579 | D:3      | 1579 ||| READING 2 scrolls labelled JUHOITTECSING.
  1580 | D:3      | 1580 ||| READING scroll of enchant weapon.
  1580 | D:3      | 1580 ||| ENCHANTING +2 sling.
  1581 | D:3      | 1581 ||| READING scroll labelled GUEJUF HAKH.
  1662 | D:4      | HP: 4/36 [gnoll/+0 spear (9)]
  1663 | D:4      | 1663 ||| READING 2 scrolls of teleportation.
  1663 | D:4      | Slain by a gnoll

Levels and vault maps discovered:
D:1:      lightli_arrival_statue_moat, layout_rooms, minmay_misc_feat_enclosed
D:2:      layout_rooms
D:3:      layout_loops_cross
D:4:      layout_rooms, elyvilon_altar_3, serial_shops, shop, st_stairs_1,
          uniq_blork_the_orc

Skill      XL: |  1  2  3 |
---------------+----------+-----
Ranged Weapons | 3 4 |  4.5
Fighting       | 2 |  2.0
Armour         | |  0.9
Dodging        | |  2.1
Spellcasting   | |  1.0
Hexes          | |  2.0

Action                     |  1- 3 |  4- 6 || total
---------------------------+-------+-------++-------
   Fire: Sling             |   136 |    18 ||   154
    Use: Scroll            |     4 |     4 ||     8
 Armour: Robe              |     5 |       ||     5
         Ring mail         |       |     9 ||     9
  Dodge: Dodged            |    23 |    12 ||    35

Table legend:
 A = Non-vault XP
 B = Vault XP
 C = Vault XP percentage of total XP
 D = Non-vault monster count
 E = Vault monster count
 F = Vault count percentage of total count
                 A         B        C        D         E       F
            +---------+---------+-------+---------+---------+-------
      Total |     106 |       5 |   4.5 |      57 |       2 |   3.4
            +---------+---------+-------+---------+---------+-------
        D:1 |      32 |       0 |   0.0 |      18 |       0 |   0.0
        D:2 |      27 |       0 |   0.0 |      16 |       0 |   0.0
        D:3 |      39 |       0 |   0.0 |      19 |       0 |   0.0
        D:4 |       8 |       5 |  38.5 |       4 |       2 |  33.3
            +---------+---------+-------+---------+---------+-------
